 Dungeon Crawl Stone Soup version 0.28-a0-1510-gd0f6b136d3 (webtiles) character file.

Game seed: 5449092495537885060

3325 kae the Insei (level 9, -1/79 HPs)
             Began as a Demonspawn Transmuter on Jan 14, 2022.
             Was an Initiate of Ru.
             Slain by a boulder beetle (23 damage)
             ... on level 8 of the Dungeon.
             The game lasted 00:09:45 (11632 turns).

kae the Insei (Demonspawn Transmuter)              Turns: 11632, Time: 00:09:46

Health: -1/79      AC:  7    Str: 11    XL:     9   Next: 71%
Magic:  0/16       EV: 11    Int: 18    God:    Ru [......]
Gold:   1173       SH:  0    Dex: 14    Spells: 9/17 levels left

rFire   x . .      SeeInvis .     - Unarmed
rCold   + + +      Faith    .   (shield currently unavailable)
rNeg    + . .      Spirit   +   (armour currently unavailable)
rPois   +          Reflect  .   (helmet currently unavailable)
rElec   .          Harm     .   (cloak currently unavailable)
rCorr   .          Rampage  .   (gloves currently unavailable)
Will    .....                   (boots currently unavailable)
Stlth   +.........              d - amulet of guardian spirit
HPRegen 0.23/turn               c - ring of positive energy
MPRegen 0.15/turn               (no ring)

@: about to teleport, ice-form (expiring)
A: freezing attack, amphibious, boosted hp, large, (antennae 1), (yellow scales
1), powered by death 1
a: End Transformation, Renounce Religion, Sacrifice Artifice, Sacrifice Purity,
Sacrifice Essence, Reject Sacrifices


You were on level 8 of the Dungeon.
You worshipped Ru.
Ru was noncommittal.
You were a creature of crystalline ice.
You visited 2 branches of the dungeon, and saw 9 of its levels.
You also visited: Sewer.

You collected 1173 gold pieces.

Inventory:

Missiles
 s - a throwing net
Armour
 a - a +1 robe (melded)
Jewellery
 c - a ring of positive energy (left front paw)
 d - an amulet of guardian spirit (around neck)
 g - a ring of fire
 m - an amulet of reflection
 w - an amulet of the acrobat
Wands
 q - a wand of polymorph (7)
Scrolls
 b - 2 scrolls of fog
 i - a scroll of brand weapon
 j - 4 scrolls of identify
 o - 2 scrolls of teleportation
 t - a scroll of immolation {unknown}
Potions
 e - a potion of lignification
 f - a potion of flight
 h - 2 potions of haste
 k - 2 potions of brilliance
 l - a potion of cancellation
 n - a potion of might
 p - 3 potions of curing
 r - 2 potions of heal wounds
 u - a potion of mutation
 v - a potion of resistance


   Skills:
 + Level 4.7 Fighting
 + Level 4.7 Dodging
 * Level 6.7 Unarmed Combat
 + Level 4.7 Spellcasting
 * Level 6.4 Transmutations
 * Level 4.3 Ice Magic
 - Level 2.0 Poison Magic


You had 9 spell levels left.
You knew the following spells:

 Your Spells              Type           Power      Damage    Failure   Level
a - Beastly Appendage     Tmut           54%        N/A       1%          1
b - Spider Form           Tmut/Pois      19%        N/A       8%          3
c - Ice Form              Ice/Tmut       23%        N/A       16%         4

Your spell library contained the following spells:

 Spells                   Type           Power      Damage    Failure   Level
 Wereblood                Tmut           27%        N/A       1%          2
 Freeze                   Ice            76%        1d9       2%          1
 Sting                    Tmut/Pois      76%        1d6       2%          1
 Frozen Ramparts          Ice            38%        1d5       7%          3
 Poisonous Vapours        Pois/Air       14%        N/A       14%         2
 Hailstorm                Conj/Ice       12%        3d5       50%         4
 Olgreb's Toxic Radiance  Pois           11%        N/A       52%         4


Dungeon Overview and Level Annotations

Branches:
Dungeon (8/15)             Temple (1/1) D:4           Sewer (visited)
   Lair: D:8-11

Altars:
Ashenzari
Cheibriados
Dithmenos
Elyvilon
Fedhas
Gozag
Hepliaklqana
Kikubaaqudgha
Makhleb
Nemelex Xobeh
Okawaru
Qazlal
Ru
Sif Muna
Trog
Uskayaw
Vehumet
Wu Jian
Xom
Yredelemnul
Zin
The Shining One

Shops:
D:2 (

Annotations:
D:3 1 runed translucent door, Flippered's ghost, amateur FoAr
D:7 1 runed translucent door, Crazy Yiuf; Harold


Innate Abilities, Weirdness & Mutations

You are a creature of crystalline ice.
You have a powerful freezing melee attack.
You are amphibious.
Your maximum health is increased.
Your armour is entirely melded.
You are incapable of wielding weapons or throwing items.
((You have a pair of small antennae on your head.))
((You are partially covered in yellow scales. (AC +2)))
You regenerate a little health from kills.


Message History

You hit the boulder beetle but do no damage.
The boulder beetle bites you but does no damage.
You punch the boulder beetle! You freeze the boulder beetle.
The boulder beetle is moderately wounded.
The boulder beetle bites you!
You hit the boulder beetle. You freeze the boulder beetle.
The boulder beetle is moderately wounded.
The boulder beetle bites you!!
You punch the boulder beetle! You freeze the boulder beetle.
The boulder beetle is moderately wounded.
The boulder beetle bites you!
You hit the boulder beetle. You freeze the boulder beetle.
The boulder beetle is heavily wounded.
The boulder beetle bites you but does no damage.
You hit the boulder beetle but do no damage.
The boulder beetle is heavily wounded.
The boulder beetle leaps!
You start resting.
A basilisk is nearby!
You barely miss the basilisk.
The basilisk is severely wounded.
The basilisk barely misses you.
You punch the basilisk! You freeze the basilisk.
You kill the basilisk!
You start resting.
A boulder beetle is nearby!
You hit the boulder beetle but do no damage.
The boulder beetle is heavily wounded.
Your transformation is almost over.
The boulder beetle bites you but does no damage.
You hit the boulder beetle but do no damage.
The boulder beetle is moderately wounded.
The boulder beetle bites you!!
* * * LOW HITPOINT WARNING * * *
As you read the scroll of teleportation, it crumbles to dust.
You feel strangely unstable. The boulder beetle closely misses you.
You punch the boulder beetle! You freeze the boulder beetle.
The boulder beetle is heavily wounded.
The boulder beetle bites you!!
You die...

#.. ##.####...#### Z.#.
#...........##### #...
##...........[[[[ ...
#..........##### .##.
##........## .... ##
####......# ## ..#
#:###..###....## #. #
#B#....####...####. #.
#.....#Y.#...#####..[)..
..
#.#...##.##...######(...
.. #B##
.####........##.. .. ...
## ##...######.... #.
#.. ##...#####...### ###
#.# #...####...#.# ..###
## #..###...###.#
....### ####...### #.#
.#....## ##....## #.###


You could see a boulder beetle.

Vanquished Creatures
  Prince Ribbit (D:6)
  A basilisk (D:8)
  Menkaure (D:7)
  An orc warrior (D:8)
  A sky beast (D:6)
  An ice beast (D:5)
  A black bear (D:7)
  4 ogres
  2 centaurs
  2 phantoms
  A kobold brigand (D:8)
  A scorpion (D:7)
  4 bullfrogs
  A wyvern zombie (D:8)
  A water moccasin zombie (D:6)
  2 water moccasin skeletons
  5 wights
  3 killer bees (D:8)
  A howler monkey (D:8)
  A bullfrog zombie (D:7)
  2 orc priests
  3 jellies
  3 centaur zombies
  A bullfrog skeleton (D:5)
  2 centaur skeletons
  A gnoll shaman (D:4)
  A hell rat (Sewer)
  Jessica (D:2)
  Terence (D:2)
  2 iguanas
  3 orc wizards
  A killer bee zombie (D:8)
  7 adders
  7 gnolls
  3 river rats (Sewer)
  A white imp (D:7)
  2 ufetubi
  An adder zombie (D:4)
  3 worms
  A dart slug (D:2)
  19 orcs
  2 ball pythons
  4 endoplasms
  2 giant cockroaches (D:2)
  2 goblins
  5 hobgoblins
  4 jackals (D:1)
  3 kobolds
  A quokka (D:1)
  4 bats
  A frilled lizard (D:1)
  10 rats
138 creatures vanquished.

Notes
Turn   | Place    | Note
-------+----------+-------------------------------------------
     0 | D:1      | kae the Demonspawn Transmuter began the quest for the Orb.
     0 | D:1      | Reached XP level 1. HP: 15/15 MP: 3/3
   100 | D:1      | Found a faded altar of an unknown god.
   467 | D:1      | Gained mutation: You are partially covered in yellow
                  | scales. (AC +2) [demonic ancestry]
   467 | D:1      | Reached XP level 2. HP: 21/21 MP: 3/5
  1291 | D:2      | Noticed an ogre
  1303 | D:2      | Killed an ogre
  1304 | D:2      | Reached XP level 3. HP: 3/27 MP: 6/6
  1304 | D:2      | Reached XP level 4. HP: 4/33 MP: 7/7
  1308 | D:2      | Learned a level 3 spell: Spider Form
  1863 | D:2      | Noticed Terence
  1879 | D:2      | Killed Terence
  1880 | D:2      | Reached XP level 5. HP: 11/35 MP: 4/8
  2190 | D:2      | Found Qufem's Antique Weapon Boutique.
  2277 | D:2      | Noticed Jessica
  2283 | D:2      | Killed Jessica
  3146 | D:3      | Found a runed translucent door.
  3152 | D:3      | Noticed Flippered's ghost (amateur FoAr)
  3633 | D:4      | Reached skill level 1 in Poison Magic
  4187 | D:4      | Reached XP level 6. HP: 29/44 MP: 5/10
  4489 | D:4      | Found a staircase to the Ecumenical Temple.
  4510 | Temple   | Entered the Ecumenical Temple
  4894 | Temple   | Became a worshipper of Ru the Awakened
  5207 | D:5      | Entered Level 5 of the Dungeon
  5386 | D:5      | Found a glowing drain.
  5511 | Sewer    | Entered a sewer
  5749 | Sewer    | HP: 2/44 [hell rat (15)]
  6083 | D:5      | Noticed an ice beast
  6113 | D:5      | Killed an ice beast
  6114 | D:5      | Gained mutation: You have a pair of small antennae on your
                  | head. [demonic ancestry]
  6114 | D:5      | Reached XP level 7. HP: 43/51 MP: 5/11
  7187 | D:5      | Learned a level 4 spell: Ice Form
  7444 | D:5      | Identified a scroll of acquirement
  7444 | D:5      | Acquired 724 gold pieces
  7478 | D:5      | Reached skill level 5 in Unarmed Combat
  7684 | D:6      | Reached skill level 1 in Ice Magic
  7684 | D:6      | Reached XP level 8. HP: 38/58 MP: 7/13
  8196 | D:6      | Reached skill level 5 in Transmutations
  8582 | D:7      | Noticed Prince Ribbit
  8597 | D:6      | Killed Prince Ribbit
  8955 | D:7      | Gained mutation: You regenerate a little health from kills.
                  | [demonic ancestry]
  8955 | D:7      | Reached XP level 9. HP: 61/65 MP: 2/15
  9546 | D:7      | Identified the +7 mace "Maak" {drain, rElec rC+ MP+9 Dex+3}
  9547 | D:7      | Found a runed translucent door.
  9548 | D:7      | Noticed Crazy Yiuf
  9582 | D:7      | Noticed Menkaure
  9582 | D:7      | Noticed Harold
 10694 | D:7      | Killed Menkaure
 11163 | D:8      | Identified the +3 great sword of Athah {spect, Will+ Int+8}
 11163 | D:8      | Identified the +12 shortbow "Ophere" {speed, rPois Str+3}
 11601 | D:8      | Noticed a boulder beetle
 11632 | D:8      | Slain by a boulder beetle

Illustrated notes

Levels and vault maps discovered:
D:1:      giann_bridges, layout_basic, chequers_ecumenical_altar_simple_redux,
          nrook_uturn
D:2:      layout_loops_cross, serial_shops, shop, uniq_terence, uniq_jessica
D:3:      layout_basic, ebering_ghost_reflecting_pool
D:4:      layout_basic, temple_doors_ab
D:5:      layout_basic, cheibrodos_sewer_entry_bend, corexii_leaking_fountain,
          grunt_decor_junction, st_stairs_1, due_unseen_surprise
D:6:      layout_rooms
D:7:      layout_rooms, serial_aquarium, aquarium_bridge_long_joined
          [aquarium_subvault_bridge, aquarium_subvault_wall,
          aquarium_subvault_bridge, aquarium_subvault_balcony,
          aquarium_subvault_wall, aquarium_subvault_wall], aquarium_window_1,
          aquarium_window_1, aquarium_window_fake, aquarium_view_2c,
          solitary_fountain, uniq_menkaure, uniq_harold, uniq_prince_ribbit1,
          uniq_crazy_yiuf_cottage
D:8:      minmay_the_grid_four_pointed_star
          [minmay_the_grid_triangle_9x9_checkered,
          minmay_the_grid_triangle_9x9_empty,
          minmay_the_grid_triangle_9x9_cache,
          minmay_the_grid_triangle_9x9_sprig, minmay_the_grid_prize_trominoes],
          layout_loops_ring, kennysheep_mini_moat
Temple:   mainiacjoe_temple_trianglar_array

Skill      XL: |  1  2  3  4  5  6  7  8  9 |
---------------+----------------------------+-----
Transmutations | 2 3 4 5 6 |  6.4
Unarmed Combat | 3 4 5 6 |  6.7
Dodging        | 2 3 4 |  4.7
Fighting       | 2 3 4 |  4.7
Poison Magic   | 1 2 |  2.0
Spellcasting   | 3 4 |  4.7
Ice Magic      | 1 3 4 |  4.3

Action                   |  1- 3 |  4- 6 |  7- 9 || total
-------------------------+-------+-------+-------++-------
Melee: Unarmed           |    45 |   182 |   284 ||   511
       Kick              |     7 |    12 |       ||    19
       Headbutt          |     7 |     7 |       ||    14
       Punch             |     1 |       |       ||     1
 Cast: Beastly Appendage |    11 |    16 |       ||    27
       Spider Form       |       |    19 |    18 ||    37
       Ice Form          |       |       |    24 ||    24
  Use: Scroll            |     1 |    11 |     8 ||    20
       Potion            |     1 |     2 |       ||     3
 Stab: Sleeping          |       |       |     1 ||     1
Armor: Robe              |    10 |    12 |     8 ||    30
       Skin              |       |     7 |    57 ||    64
Dodge: Dodged            |    39 |   151 |   249 ||   439

Table legend: (Time is in decaauts)
 A = Elapsed time spent in this place.
 B = Non-inter-level travel time spent in this place.
 C = Inter-level travel time spent in this place.
 D = Time resting spent in this place.
 E = Time spent auto-exploring this place.
 F = Levels seen in this place.
 G = Mean time per level.
                   A        B        C        D        E       F      G
               +--------+--------+--------+--------+--------+-----+--------+
         Total |  11616 |  11249 |    367 |   1672 |   8142 |  10 | 1161.6 |
       Dungeon |  10652 |  10297 |    355 |   1670 |   7299 |   8 | 1331.5 |
        Temple |    397 |    385 |     12 |      0 |    381 |   1 |  397.0 |
         Sewer |    566 |    566 |      0 |      2 |    462 |   1 |  566.0 |
               +--------+--------+--------+--------+--------+-----+--------+

Top non-repeatable levels by time:
     D:5: 1960 daAuts
     D:6: 1754 daAuts
     D:2: 1590 daAuts
     D:1: 1271 daAuts
     D:4: 1212 daAuts
     D:8: 1179 daAuts
     D:7: 958 daAuts
     D:3: 723 daAuts
   Sewer: 566 daAuts
  Temple: 397 daAuts
